Map: [ESL] Data-C

Players

ShoWTimE

  • Race: Protoss Protoss
  • Spawn Location: 3:00

Clem - Winner!

  • Race: Terran Terran
  • Spawn Location: 9:00

Event: DreamHack SC2 Masters 2022 Atlanta (Online)

VOD

Have the link to the VOD?

Description

Time

  • Played on: Oct. 15, 2022, 2:30 p.m.
  • Length: 15:23

All games in this series

Show
View Real Time Build Order
Export as new Build Order

ShoWTimE Protoss 

Build Orders: Oracle Opening 

Get SALT Encoding   

  12  0:00  Probe  
  13  0:12  Probe  
  14  0:16  Pylon  
  14  0:24  Probe  
  15  0:35  Gateway  
  15  0:36  Probe (Chrono Boost)  
  16  0:45  Probe (Chrono Boost)  
  16  0:46  Assimilator  
  17  0:50  Probe (Chrono Boost)  
  18  1:03  Probe  
  19  1:15  Probe  
  20  1:22  Zealot  
  20  1:25  Assimilator  
  22  1:27  Probe, Cybernetics Core  
  23  1:46  Pylon  
  23  1:49  Pylon  
  23  2:01  Adept (Chrono Boost)  
  23  2:04  Probe  
  23  2:08  Stargate  
  26  2:16  Probe  
  26  2:17  Warp Gate  
  27  2:28  Probe  
  28  2:39  Nexus  
  28  2:42  Probe  
  29  2:49  Oracle (Chrono Boost)  
  29  2:56  Probe  
  35  3:08  Probe  
  34  3:17  Oracle (Chrono Boost)  
  34  3:18  Pylon  
  37  3:21  Probe  
  38  3:31  Twilight Council  
  38  3:33  Probe  
  39  3:42  Gateway  
  39  3:45  Probe  
  40  3:52  Gateway  
  40  3:56  Probe  
  40  4:01  Blink (Chrono Boost)  
  40  4:02  Probe  
  42  4:08  Probe  
  40  4:16  Gateway  
  40  4:18  Probe  
  40  4:21  Probe  
  42  4:30  Probe  
  42  4:31  Stalker  
  45  4:33  Probe  
  45  4:37  Stalker  
  48  4:43  Probe  
  48  4:44  Assimilator  
  48  4:45  Probe  
  50  4:48  Stalker  
  52  4:55  Probe  
  52  4:57  Probe  
  52  4:59  Pylon  
  54  5:01  Stalker  
  54  5:06  Stalker  
  59  5:07  Probe  
  59  5:10  Stalker  
  61  5:16  Pylon  
  61  5:18  Stalker  
  59  5:30  Stalker x2  
  59  5:31  Probe x2  
  63  5:43  Probe  
  62  5:50  Nexus  
  62  6:00  Charge, Pylon  
  62  6:01  Robotics Facility, Probe x2  
  64  6:10  Stalker x3  
  70  6:14  Stalker  
  72  6:18  Probe  
  72  6:23  Pylon  
  73  6:26  Probe  
  75  6:32  Probe  
  75  6:34  Gateway  
  75  6:37  Gateway  
  75  6:38  Probe  
  76  6:44  Probe  
  77  6:50  Robotics Bay, Probe  
  77  6:52  Zealot x2, Sentry x2  
  85  7:01  Probe  
  85  7:05  Probe  
  82  7:13  Shield Battery  
  82  7:15  Stalker x4  
  82  7:18  Shield Battery  
  82  7:19  Shield Battery  
  82  7:22  Probe, Pylon  
  83  7:23  Assimilator  
  83  7:24  Probe  
  83  7:26  Probe  
  85  7:30  Observer (Chrono Boost)  
  85  7:33  Assimilator  
  86  7:38  Forge  
  86  7:40  Zealot x2, Stalker  
  92  7:45  Zealot x2  
  96  7:54  Colossus (Chrono Boost)  
  102  7:59  Zealot  
  104  8:10  Zealot x5  
  88  8:22  Stalker  
  90  8:31  Protoss Ground Weapons Level 1 (Chrono Boost)  
  90  8:33  Stalker x4  
  98  8:38  Probe  
  98  8:39  Probe  
  98  8:40  Probe  
  101  8:47  Pylon  
  101  8:51  Probe x2  
  103  8:56  Zealot x3  
  103  9:02  Probe  
  106  9:03  Probe  
  106  9:06  Colossus (Chrono Boost), Pylon  
  114  9:17  Extended Thermal Lance (Chrono Boost), Assimilator  
  113  9:20  Pylon  
  113  9:22  Pylon  
  113  9:29  Photon Cannon  
  113  9:30  Photon Cannon  
  113  9:31  Sentry  
  115  9:40  Observer, Stalker x3  
  118  9:46  Stalker x2  
  118  9:52  Colossus (Chrono Boost), Photon Cannon  
  128  10:07  Pylon  
  124  10:21  Stalker x5  
  124  10:22  Stalker  
  130  10:29  Protoss Ground Weapons Level 2 (Chrono Boost)  
  130  10:35  Pylon  
  120  10:39  Observer (Chrono Boost)  
  121  10:48  Stalker x5  
  112  11:06  Zealot, Colossus (Chrono Boost)  
  112  11:09  Pylon  
  120  11:12  Probe x3  
  120  11:18  Zealot x5  
  133  11:22  Photon Cannon  
  133  11:24  Shield Battery  
  133  11:29  Nexus  
  133  11:31  Shield Battery  
  133  11:35  Stalker  
  135  11:42  Photon Cannon  
  135  11:44  Shield Battery, Probe x2  
  137  11:48  Zealot x3  
  137  11:53  Zealot x2  
  143  12:03  Shield Battery, Zealot  
  135  12:17  Zealot x4  
  135  12:18  Zealot  
  137  12:23  Disruptor (Chrono Boost)  
  137  12:25  Robotics Facility  
  140  12:32  Zealot  
  140  12:35  Probe x2  
  140  12:36  Probe  
  145  12:39  Observer  
  145  12:42  Zealot x2  
  145  12:43  Protoss Ground Armor Level 1  
  149  12:47  Disruptor (Chrono Boost)  
  152  12:58  Stalker x3  
  158  13:04  Zealot x3  
  148  13:14  Disruptor  
  148  13:17  Disruptor  
  147  13:22  Zealot x3  
  127  13:36  Zealot x2  
  127  13:37  Zealot x4  
  130  13:46  Probe x2  
  130  13:47  Probe  
  133  13:50  Disruptor (Chrono Boost)  
  127  13:58  Zealot x6  
  122  14:10  Probe x2  
  122  14:20  Stalker x6  
  122  14:22  Probe  
  138  14:24  Disruptor (Chrono Boost)  
  138  14:32  Templar Archives  
  138  14:33  Disruptor (Chrono Boost)  
  138  14:37  Photon Cannon  
  141  14:45  Stalker x3  
  147  14:49  Observer  
  148  14:52  Zealot x2  
  148  14:53  Zealot  
  150  15:06  Probe  
  150  15:07  Probe  
  144  15:08  Stalker x3  
  139  15:18  Zealot x3  
Show
View Real Time Build Order
Export as new Build Order

Clem Terran - Winner!

Build Orders: Cyclone Opening 

Get SALT Encoding   

  12  0:00  SCV  
  13  0:12  SCV  
  14  0:18  Supply Depot  
  14  0:25  SCV  
  15  0:29  Refinery  
  15  0:39  SCV  
  16  0:46  Barracks  
  16  0:52  SCV  
  17  1:04  SCV  
  18  1:06  Engineering Bay  
  18  1:16  SCV  
  19  1:32  Orbital Command  
  19  1:37  Factory  
  19  1:39  Marine  
  20  1:48  Supply Depot  
  20  1:58  Barracks Reactor  
  20  2:00  SCV  
  21  2:12  SCV  
  22  2:22  Factory Tech Lab  
  22  2:25  Command Center  
  22  2:28  SCV  
  22  2:35  Marine x2  
  24  2:37  Barracks  
  24  2:40  SCV  
  25  2:52  SCV  
  25  2:53  Cyclone  
  25  2:56  Supply Depot  
  29  2:59  Marine  
  29  3:04  SCV  
  31  3:06  Refinery  
  31  3:17  SCV, Marine  
  33  3:23  Marine  
  33  3:29  SCV  
  34  3:35  Marine  
  34  3:37  Marine  
  34  3:38  Stimpack  
  36  3:42  SCV  
  36  3:43  Marine  
  38  3:54  SCV, Marine  
  38  3:55  Orbital Command  
  40  3:59  Marine  
  40  4:06  SCV, Starport  
  40  4:09  Marine  
  40  4:13  Factory Reactor  
  40  4:17  Marine  
  40  4:18  SCV, Marine  
  40  4:21  SCV  
  44  4:30  SCV  
  45  4:33  SCV  
  45  4:35  Marine x2  
  45  4:37  Marine  
  49  4:41  Supply Depot  
  49  4:42  SCV  
  49  4:45  SCV  
  51  4:49  Engineering Bay  
  51  4:52  Medivac  
  53  4:54  Factory Reactor  
  53  4:55  SCV  
  54  5:02  SCV, Medivac, Marine x3  
  54  5:06  Supply Depot  
  60  5:08  SCV  
  60  5:12  Barracks  
  61  5:15  SCV  
  61  5:17  Combat Shield  
  61  5:20  Refinery  
  62  5:25  SCV  
  62  5:27  Marine x2  
  62  5:28  SCV  
  65  5:30  Marauder  
  65  5:33  Widow Mine  
  69  5:38  Supply Depot  
  69  5:40  Widow Mine  
  69  5:42  SCV  
  70  5:48  Marine x2  
  67  5:51  Terran Infantry Weapons Level 1  
  67  5:53  Supply Depot  
  67  5:56  Marauder  
  68  5:57  SCV  
  68  5:59  Barracks Tech Lab  
  68  6:00  SCV  
  70  6:05  Marine  
  70  6:09  SCV  
  70  6:10  Marine  
  71  6:12  SCV  
  71  6:13  Supply Depot  
  71  6:18  Marauder  
  73  6:19  Marauder  
  73  6:21  SCV  
  73  6:24  SCV, Marine  
  77  6:26  Concussive Shells  
  77  6:27  Marine  
  77  6:33  SCV  
  77  6:34  Refinery  
  77  6:35  Medivac  
  77  6:36  SCV, Medivac  
  77  6:39  Marauder  
  85  6:40  Marine  
  85  6:43  Supply Depot, Widow Mine x2, Marine  
  85  6:45  SCV  
  92  6:54  Marine  
  93  7:01  Marauder  
  93  7:06  Marauder  
  88  7:09  Marine  
  88  7:12  Marine  
  88  7:17  Widow Mine x2  
  88  7:19  Supply Depot  
  92  7:23  Command Center, Marauder  
  92  7:24  Supply Depot  
  92  7:28  Marauder  
  96  7:30  Barracks  
  96  7:31  Barracks, SCV x2  
  98  7:39  Supply Depot  
  98  7:40  Medivac  
  98  7:43  SCV  
  103  7:44  Widow Mine, Marine  
  103  7:45  Marine x2  
  103  7:47  SCV  
  103  7:50  Terran Infantry Armor Level 1  
  107  7:56  SCV  
  107  7:57  Marauder  
  110  7:59  SCV  
  110  8:02  Widow Mine  
  113  8:06  Marine x2  
  113  8:08  SCV, Marauder  
  113  8:12  Medivac x2  
  114  8:18  Marauder  
  114  8:19  Barracks Tech Lab  
  107  8:20  Barracks Reactor, SCV x2, Widow Mine  
  107  8:26  Marine  
  107  8:27  Marine  
  109  8:29  Supply Depot  
  109  8:31  Marauder  
  109  8:32  SCV  
  112  8:37  Orbital Command  
  112  8:41  Armory  
  112  8:45  Widow Mine x2  
  112  8:46  SCV  
  119  8:48  Marauder  
  119  8:51  Marauder  
  119  8:54  Marine  
  119  8:55  Marine  
  121  8:57  Marine  
  121  9:01  Marine  
  121  9:02  SCV x2  
  114  9:03  SCV, Marauder  
  114  9:05  Medivac  
  114  9:06  Medivac  
  119  9:10  Refinery, Widow Mine  
  119  9:11  Engineering Bay  
  119  9:12  Widow Mine  
  119  9:13  Marine  
  119  9:14  Marine  
  119  9:16  SCV x2  
  127  9:19  Marauder  
  127  9:20  Marine x2  
  127  9:22  SCV  
  132  9:24  Refinery  
  132  9:28  Marauder x2  
  136  9:35  Viking  
  136  9:36  Viking  
  138  9:39  Ghost Academy  
  138  9:40  Marauder  
  138  9:44  Marine x4  
  144  9:47  Command Center  
  144  9:54  Supply Depot, Marauder  
  144  9:55  Missile Turret  
  144  9:57  Marauder  
  148  10:03  Supply Depot  
  148  10:04  Marine  
  149  10:08  Terran Infantry Armor Level 2  
  149  10:16  Medivac x2, Marine x3  
  149  10:20  Marine x2  
  156  10:24  Marine  
  156  10:25  Marauder  
  157  10:31  Terran Infantry Weapons Level 2  
  157  10:33  Supply Depot, Marine  
  157  10:35  Marine x2  
  155  10:38  Marauder x2  
  155  10:40  Widow Mine x2  
  164  10:46  Marauder  
  165  10:52  Supply Depot  
  165  10:54  Marine  
  165  10:55  Medivac, Marine x2  
  166  10:58  Marine  
  166  10:59  Marauder, Ghost  
  166  11:03  Viking  
  168  11:06  SCV x3  
  168  11:07  Ghost  
  173  11:12  Marine  
  174  11:19  SCV, Barracks  
  174  11:20  Barracks, SCV, Ghost  
  174  11:22  Barracks  
  174  11:23  Planetary Fortress  
  178  11:32  SCV x3, Sensor Tower  
  179  11:35  Ghost  
  181  11:42  Viking  
  181  11:44  SCV x2  
  181  11:46  Marine x2  
  187  11:49  Enhanced Shockwaves  
  187  11:50  Terran Ship Weapons Level 1  
  187  11:51  Marine x2  
  187  11:52  SCV, Marauder  
  192  11:55  Marauder  
  194  12:02  SCV x2, Refinery  
  194  12:03  Refinery, Marine  
  194  12:04  Marine  
  196  12:09  Marauder  
  196  12:11  Viking  
  196  12:12  Viking  
  196  12:13  Marauder  
  196  12:14  Marine x2  
  194  12:16  Marauder  
  194  12:18  Barracks Reactor, Barracks Tech Lab x2  
  194  12:26  Starport  
  192  12:30  Ghost  
  192  12:35  Marauder  
  194  12:38  Marauder  
  194  12:41  Command Center  
  196  12:46  Supply Depot  
  195  13:02  Marine  
  195  13:03  Supply Depot  
  196  13:08  Marauder x2  
  200  13:14  Medivac  
  200  13:15  Medivac  
  199  13:21  Marauder  
  199  13:22  Ghost  
  199  13:23  Marauder  
  199  13:26  Medivac x2  
  199  13:27  Marine  
  199  13:30  Command Center  
  199  13:31  Marine  
  200  13:35  Ghost  
  200  13:39  Marauder  
  193  13:44  Medivac  
  193  13:46  Medivac  
  193  13:48  Marine, Ghost  
  199  13:49  Command Center  
  199  13:52  Marine x2  
  200  13:59  Marauder  
  200  14:02  Marine x2  
  200  14:03  Marauder  
  200  14:07  Marauder  
  200  14:08  Marine  
  200  14:09  Medivac x2, Marine  
  197  14:12  Marauder  
  197  14:14  Marine  
  194  14:17  SCV x2, Marauder  
  194  14:19  SCV  
  194  14:21  Marauder  
  199  14:26  Fusion Core  
  199  14:30  SCV, Starport  
  199  14:32  SCV  
  199  14:33  Planetary Fortress  
  199  14:35  Missile Turret x2  
  199  14:36  Barracks Reactor  
  198  14:46  Marine x2  
  198  14:48  SCV x2  
  198  14:50  Orbital Command  
  193  14:53  Ghost  
  193  14:54  Marine x2  
  196  15:00  Marine  
Tags
 
Add a new tag
Caveats
  • Supply blocks, unpowered buildings, or Contaminate may cause inaccurate times.
  • Supply counts are checked every 10 seconds.